 Dungeon Crawl Stone Soup version 0.28-a0-119-ga52ba8600a (webtiles) character file.

Game seed: 171280612008648357

165 Nattfarinn the Ducker (level 5, 0/57 HPs)
             Began as a Djinni Venom Mage on Aug 13, 2021.
             Slain by a shadow imp (3 damage)
             ... summoned by Natasha
             ... on level 3 of the Dungeon.
             The game lasted 00:05:08 (4052 turns).

Nattfarinn the Ducker (Djinni Venom Mage)           Turns: 4052, Time: 00:05:09

Health: 0/57       AC: 22    Str:  7    XL:     5   Next: 74%
Gold:   94         EV:  2    Int: 17    God:
                   SH:  0    Dex: 14

rFire   + . .      SeeInvis .   (no weapon)
rCold   x . .      Faith    .   (no shield)
rNeg    + + +      Spirit   .   (armour currently unavailable)
rPois   ∞          Reflect  .   (helmet currently unavailable)
rElec   .          Harm     .   (cloak currently unavailable)
rCorr   .          Rampage  .   (gloves currently unavailable)
Will    +....      NoTele   +   (boots unavailable)
Stlth   ++........              (no amulet)
HPRegen 0.19/turn               g - ring of willpower
MPRegen 0.00/turn               d - ring of fire

@: mighty, tree-form, very slightly contaminated
A: stationary, stasis, torment immunity, boosted hp, sickness immunity, (fire
resistance 2), (cold vulnerability 1), float, innate caster, hp casting, extra
vitality 1, (horns 1), noise suppression
a: no special abilities


You were on level 3 of the Dungeon.
You were a tree.
You visited 1 branch of the dungeon, and saw 3 of its levels.

You collected 94 gold pieces.

Inventory:

Armour
 a - a +0 robe (melded)
Jewellery
 d - a ring of fire (right branch)
 g - a ring of willpower (left branch)
Scrolls
 c - 2 scrolls of amnesia {unknown}
 e - a scroll of enchant weapon {unknown}
 i - a scroll of enchant armour {unknown}
 j - a scroll of identify {unknown}
 l - 2 scrolls of noise {unknown}
Potions
 h - a potion of lignification


   Skills:
 + Level 2.0 Fighting
 * Level 3.0 Armour
 + Level 3.3 Dodging
 - Level 1.5 Stealth
 + Level 2.9 Spellcasting


You couldn't memorise any spells.
You knew the following spells:

 Your Spells              Type           Power      Damage    Failure   Level
a - Sting                 Tmut/Pois      48%        1d5       5%          1
b - Poisonous Vapours     Pois/Air       24%        N/A       8%          2
c - Mephitic Cloud        Conj/Pois/Air  12%        N/A       16%         3
d - Olgreb's Toxic Radia  Pois           12%        N/A       45%         4
e - Summon Small Mammal   Summ           48%        N/A       5%          1
f - Corpse Rot            Necr/Air       N/A        N/A       8%          2
Your spell library was empty.

Dungeon Overview and Level Annotations

Branches:
Dungeon (3/15)

Altars:

Annotations:
D:3 Natasha


Innate Abilities, Weirdness & Mutations

You are a tree.
Your roots penetrate the ground, keeping you stationary.
You cannot be teleported.
You are immune to unholy pain and torment.
Your maximum health is greatly increased.
Your equipment is partially melded.
You are immune to sickness and miasma.
You are immune to poison.
((Your flesh is very heat resistant. (rF++)))
((You are vulnerable to cold. (rC-)))
You float through the air rather than walking.
You learn spells naturally, not from books.
Your magical power is your life essence.
You have superior vitality. (+4 HP)
((You have a pair of small horns on your head.))
You passively dampen the noise of your surroundings.


Message History

You begin to radiate toxic energy.
Natasha is poisoned.
* * * LOW HITPOINT WARNING * * *
Natasha looks even sicker.
Natasha barely misses you.
The crimson imp hits you but does no damage.
The shadow imp hits you but does no damage.
Casting: Olgreb's Toxic Radiance (quite dangerous; 45% risk of failure)
Confirm with . or Enter, or press ? or * to list all spells.
Aiming: Sting (safe; 5% risk of failure)
Press: ? - help, Shift-Dir - straight line, f - Natasha
Aim: Natasha (lightly wounded, very poisoned, 64% to hit)
The sting hits Natasha.
Natasha looks even sicker.
Natasha is moderately wounded.
* * * LOW HITPOINT WARNING * * *
Natasha looks as sick as possible!
Your toxic aura wanes.
Natasha casts a spell at you.
The magic dart hits you but does no damage.
The crimson imp blinks!
It was a potion of might.
You feel very mighty all of a sudden. Natasha claws you but does no damage.
It was a potion of mutation.
You feel extremely strange.
You feel your surroundings grow quieter.
A pair of horns grows on your head!
The crimson imp hits you but does no damage.
The shadow imp hits you.
* * * LOW HITPOINT WARNING * * *
Natasha claws you.
* * * LOW HITPOINT WARNING * * *
Casting: Sting (safe; 5% risk of failure)
Confirm with . or Enter, or press ? or * to list all spells.
Aiming: Sting (safe; 5% risk of failure)
Press: ? - help, Shift-Dir - straight line, f/p - Natasha
Aim: Natasha (severely wounded, extremely poisoned, 64% to hit)
The sting misses Natasha.
* * * LOW HITPOINT WARNING * * *
The crimson imp shouts, "Scamper hence, thou craven ill-nurtured simpleton!"
The crimson imp hits you but does no damage.
The shadow imp hits you.
You die...

#.......# #. #.......# [..
#.......##..#. #.....5.......
###..)).....#. #...).......
#############.....).....
#........h.........)....
#.......♣5..............
####.#....5...5............).
#....#...##################l.
## #....#...# l. .#
#....#...# .# #....+...# .#
#....#...# .# #....#...#
.###....#...#


You could see Natasha (extremely poisoned), 2 crimson imps and a shadow imp
(summoned).

Vanquished Creatures
  An orc priest (D:3)
  Natasha (D:3)
  3 adders
  2 worms (D:2)
  4 orcs (D:3)
  6 ball pythons
  2 bats
  5 endoplasms
  A giant cockroach (D:1)
  5 goblins
  9 hobgoblins
  11 jackals
  3 quokkas
  2 frilled lizards
  8 kobolds
  4 rats
67 creatures vanquished.

Vanquished Creatures (collateral kills)
  A hobgoblin (D:2)
1 creature vanquished.

Grand Total: 68 creatures vanquished

Notes
Turn   | Place    | Note
-------+----------+-------------------------------------------
     0 | D:1      | Nattfarinn the Djinni Venom Mage began the quest for the
                  | Orb.
     0 | D:1      | Reached XP level 1. HP: 15/15 MP: 0/0
   393 | D:1      | Reached XP level 2. HP: 15/22 MP: 0/0
   425 | D:1      | Reached skill level 1 in Armour
  1064 | D:1      | Found a faded altar of an unknown god.
  1133 | D:1      | Reached XP level 3. HP: 21/26 MP: 0/0
  1133 | D:1      | Learned a level 1 spell: Summon Small Mammal
  1444 | D:1      | Reached skill level 1 in Fighting
  2276 | D:2      | Reached XP level 4. HP: 15/32 MP: 0/0
  3954 | D:3      | Reached XP level 5. HP: 22/37 MP: 0/0
  3954 | D:3      | Learned a level 2 spell: Corpse Rot
  4018 | D:3      | Noticed Natasha
  4026 | D:3      | Killed Natasha
  4032 | D:3      | Noticed Natasha
  4051 | D:3      | Gained mutation: You passively dampen the noise of your
                  | surroundings. [potion of mutation]
  4051 | D:3      | Gained mutation: You have a pair of small horns on your
                  | head. [potion of mutation]
  4052 | D:3      | Slain by a shadow imp

Illustrated notes

Levels and vault maps discovered:
D:1:      heliophobic_arrival_battle_scene, layout_loops_ring,
          shapermc_ecumenical_altar_ellora
D:2:      layout_rooms, roderic_serpentine_path, kennysheep_generic_room_5
D:3:      layout_basic, elyvilon_altar_3, nicolae_qazlal_eye_of_the_storm,
          marbit_many_paths, serial_shops, shop, ebering_ghost_rock_garden,
          serial_glass, glass_columns_b, glass_columns_a, uniq_natasha

Skill      XL: |  1  2  3  4  5 |
---------------+----------------+-----
Armour         | 1 2 3 |  3.0
Fighting       | 1 2 |  2.0
Dodging        | 3 |  3.3
Stealth        | |  1.5
Spellcasting   | |  2.9

Action                   |  1- 3 |  4- 6 || total
-------------------------+-------+-------++-------
Melee: Unarmed           |       |     3 ||     3
 Cast: Sting             |    92 |    38 ||   130
       Summon Small Mamm |     3 |       ||     3
       Poisonous Vapours |       |    15 ||    15
       Olgreb's Toxic Ra |       |     5 ||     5
  Use: Potion            |       |     5 ||     5
Armor: Robe              |     8 |     3 ||    11
       Skin              |       |     7 ||     7
Dodge: Dodged            |    32 |    16 ||    48

Table legend: (Time is in decaauts)
 A = Elapsed time spent in this place.
 B = Non-inter-level travel time spent in this place.
 C = Inter-level travel time spent in this place.
 D = Time resting spent in this place.
 E = Time spent auto-exploring this place.
 F = Levels seen in this place.
 G = Mean time per level.
                   A        B        C        D        E       F      G
               +--------+--------+--------+--------+--------+-----+--------+
         Total |   4051 |   4006 |     45 |    233 |   3367 |   3 | 1350.3 |
       Dungeon |   4051 |   4006 |     45 |    233 |   3367 |   3 | 1350.3 |
               +--------+--------+--------+--------+--------+-----+--------+

Top non-repeatable levels by time:
     D:1: 2103 daAuts
     D:2: 1400 daAuts
     D:3: 547 daAuts
